 Dungeon Crawl Stone Soup version 0.23.2-33-g5129a83 (webtiles) character file.

Game seed: 4047050847039490715

3413 sleepcraft the Zephyrmancer (level 9, -2/71 HPs)
             Began as a Green Draconian Air Elementalist on July 21, 2019.
             Was a Priest of Sif Muna.
             Slain by a hornet (7 damage)
             ... on level 7 of the Dungeon on July 22, 2019.
             The game lasted 01:39:40 (10423 turns).

sleepcraft the Zephyrmancer (DrAE)                 Turns: 10423, Time: 01:39:41

Health: -2/71      AC:  7    Str: 19    XL:     9   Next: 76%
Magic:  15/17      EV: 15    Int: 18    God:    Sif Muna [***...]
Gold:   331        SH:  5    Dex: 14    Spells: 7/19 levels left

rFire    . . .     SeeInvis .   A - +9 hand axe "Gonamm" {freeze, rElec Str+2 Dex-2 Stlth+}
rCold    . . .     Gourm    .   B - +0 buckler
rNeg     . . .     Faith    .   (armour unavailable)
rPois    +         Spirit   .   (helmet restricted)
rElec    +         Reflect  .   (no cloak)
rCorr    .         Harm     .   (no gloves)
MR       .....                  (no boots)
Stlth    +++.......             (no amulet)
HPRegen  0.21/turn              F - +5 ring of dexterity
MPRegen  0.15/turn              i - +3 ring of evasion

@: mighty, swift, marked, quick
A: breathe noxious fumes, unfitting armour, poison resistance, cold-blooded, AC
+7
a: Breathe Noxious Fumes, Divine Energy, Channel Magic, Renounce Religion


You were on level 7 of the Dungeon.
You worshipped Sif Muna.
Sif Muna was most pleased with you.
You were not hungry.

You visited 2 branches of the dungeon, and saw 9 of its levels.

You collected 331 gold pieces.

Inventory:

Hand Weapons
 d - a +0 dagger
 j - a +1 trident of pain
 s - a +2 falchion of slicing
 u - a +1 blowgun
 A - the +9 hand axe "Gonamm" (weapon) {freeze, rElec Str+2 Dex-2 Stlth+}
   (You took it off an orc on level 4 of the Dungeon)

   It has been specially enchanted to freeze those struck by it, causing extra
   injury to most foes and up to half again as much damage against particularly
   susceptible opponents.
   It can also slow down cold-blooded creatures.
   It affects your strength (+2).
   It affects your dexterity (-2).
   It insulates you from electricity.
   It makes you more stealthy.
Missiles
 a - 2 needles of sleeping
 e - 227 stones (quivered)
 C - 39 poisoned needles
Armour
 B - a +0 buckler (worn)
Magical Staves
 o - an uncursed staff of conjuration
Jewellery
 i - a +3 ring of evasion (right hand)
 k - an uncursed ring of resist corrosion
 F - a +5 ring of dexterity (left hand)
Wands
 n - a wand of iceblast (6)
 y - a wand of flame (17)
Scrolls
 c - 2 scrolls of identify
 f - a scroll of vulnerability {unknown}
 g - a scroll of fog
 h - a scroll of enchant armour {unknown}
 l - 3 scrolls of noise
 t - a scroll of amnesia {unknown}
 D - 2 scrolls of remove curse
 E - a scroll of immolation {unknown}
Potions
 m - 4 potions of mutation
 q - a potion of curing {unknown}
 r - a potion of might
 v - a potion of berserk rage {unknown}
 w - 3 potions of flight
 x - a potion of magic {unknown}
 z - a potion of experience {unknown}
Comestibles
 b - 11 rations
 p - a chunk of flesh


   Skills:
 * Level 3.7 Fighting
 - Level 1.7 Dodging
 - Level 1.7 Stealth
 * Level 3.4 Shields
 + Level 5.8 Spellcasting
 + Level 7.0 Conjurations
 + Level 9.5 Air Magic


You had 7 spell levels left.
You knew the following spells:

 Your Spells              Type           Power        Failure   Level  Hunger
a - Shock                 Conj/Air       ####         1%          1    None
b - Swiftness             Chrm/Air       ###.....     2%          2    None
c - Airstrike             Air            #####.....   2%          4    ####...
d - Lightning Bolt        Conj/Air       #####.....   12%         5    #####..

Your spell library contained the following spells:

 Spells                   Type           Power        Failure   Level  Hunger
 Static Discharge         Conj/Air       #####...     1%          3    ##.....


Dungeon Overview and Level Annotations

Branches:
Dungeon (8/15)             Temple (1/1) D:4
   Lair: D:8-11

Altars:
Ashenzari
Cheibriados
Dithmenos
Elyvilon
Fedhas
Gozag
Hepliaklqana
Kikubaaqudgha
Makhleb
Nemelex Xobeh
Okawaru
Qazlal
Ru
Sif Muna
Trog
Vehumet
Wu Jian
Xom
Yredelemnul
Zin
The Shining One

Annotations:
D:7 Harold
D:8 Psyche


Innate Abilities, Weirdness & Mutations

You can breathe blasts of noxious fumes.
Your lurid green scales are hard. (AC +7)
You cannot fit into any form of body armour.
Your system is resistant to poisons. (rPois)
You are cold-blooded and may be slowed by cold attacks.


Message History

A sentinel's mark forms upon you.
The quokka bites you but does no damage.
The hornet stings you.
You feel very mighty all of a sudden. The quokka completely misses you.
Harold misses you.
The hornet stings you but does no damage.
The quokka misses you.
You completely miss the quokka.
Your tail-slap misses the quokka.
You completely miss the hornet. You barely miss Harold.
The hornet stings you but does no damage.
Harold gestures at you while chanting. The mark upon you grows brighter.
The hornet stings you! The quokka closely misses you.
Harold hits you with a +0 dire flail!
Casting: Shock (safe; 1% risk of failure)
Confirm with . or Enter, or press ? or * to list all spells.
You feel quick. The hornet misses you. The quokka misses you.
You block the hornet's attack. Harold hits you with a +0 dire flail!!
* * * LOW HITPOINT WARNING * * *
The quokka barely misses you. The hornet stings you!
You die...

########## #.........
#.........
############.........
#.@>@.....##..>......
#..ry.............)..
#.........########...
##..#############....
#..#########......... ####
#####.#..........####.)..
...#
###.....#.############.....
##.## #......##.# ###..#...
##..#
#......##.#########....(...


You could see Harold, a hornet and a quokka.

Vanquished Creatures
  Pikel (D:6)
  Sigmund (D:3)
  Menkaure (D:6)
  2 orc warriors
  A slave (D:6)
  3 black bears (D:7)
  2 ogres
  A phantom (D:6)
  6 centaurs
  4 bullfrogs
  A scorpion (D:4)
  A water moccasin skeleton (D:4)
  A howler monkey (D:6)
  3 crimson imps
  2 hounds (D:5)
  A bullfrog skeleton (D:5)
  2 jellies
  A centaur skeleton (D:7)
  4 orc priests
  5 orc wizards
  An iguana (D:4)
  Jessica (D:3)
  5 worker ants
  A hound skeleton (D:6)
  A howler monkey skeleton (D:5)
  5 gnolls
  13 adders
  2 shadow imps
  4 oozes
  An adder zombie (D:6)
  14 dart slugs
  4 leopard geckos
  23 orcs
  3 ball pythons
  5 giant cockroaches
  4 goblins
  14 hobgoblins
  12 jackals
  9 kobolds
  3 quokkas
  7 bats
  5 frilled lizards
  A leopard gecko skeleton (D:5)
  11 rats
192 creatures vanquished.

Vanquished Creatures (others)
  A leopard gecko (D:6)
  A rat (D:6)
2 creatures vanquished.

Grand Total: 194 creatures vanquished

Notes
Turn   | Place    | Note
-------+----------+-------------------------------------------
     0 | D:1      | sleepcraft the Draconian Air Elementalist began the quest
                  | for the Orb.
     0 | D:1      | Reached XP level 1. HP: 14/14 MP: 3/3
   307 | D:1      | Reached XP level 2. HP: 22/22 MP: 0/5
   417 | D:1      | Learned a level 2 spell: Swiftness
   990 | D:1      | Reached XP level 3. HP: 23/27 MP: 0/6
  1757 | D:2      | Reached XP level 4. HP: 31/34 MP: 0/7
  2093 | D:2      | Found a shimmering altar of Xom.
  2094 | D:2      | Found a hazy altar of Hepliaklqana.
  2094 | D:2      | Noticed a wyvern
  2095 | D:2      | Noticed a wyvern
  2095 | D:2      | Noticed a spectral ugly thing
  2145 | D:2      | Reached skill level 4 in Air Magic
  2620 | D:3      | Found an ancient bone altar of Kikubaaqudgha.
  2680 | D:3      | Found a glowing silver altar of Zin.
  2681 | D:3      | Found a shattered altar of Ashenzari.
  2681 | D:3      | Found a stormy altar of Qazlal.
  2789 | D:3      | Found a deep blue altar of Sif Muna.
  2789 | D:3      | Found a sparkling altar of Nemelex Xobeh.
  2790 | D:3      | Found a glowing golden altar of the Shining One.
  2797 | D:3      | Became a worshipper of Sif Muna the Loreminder
  2930 | D:3      | Noticed Jessica
  2944 | D:3      | Killed Jessica
  2944 | D:3      | Reached skill level 1 in Fighting
  2944 | D:3      | Reached XP level 5. HP: 28/40 MP: 5/9
  3038 | D:3      | Learned a level 4 spell: Airstrike
  3500 | D:3      | Noticed Sigmund
  3939 | D:4      | Reached XP level 6. HP: 34/48 MP: 3/10
  4096 | D:4      | Reached skill level 5 in Air Magic
  4440 | D:4      | Found a staircase to the Ecumenical Temple.
  4458 | D:4      | Identified the +9 hand axe "Gonamm" {freeze, rElec Str+2
                  | Dex-2 Stlth+}
  4472 | D:3      | Reached * piety under Sif Muna
  4472 | D:3      | Reached skill level 6 in Air Magic
  4472 | D:3      | Your scales start taking on a lurid green colour.
  4472 | D:3      | Reached XP level 7. HP: 38/56 MP: 8/12
  4472 | D:3      | Gained mutation: Your system is resistant to poisons.
                  | (rPois) [Green Draconian growth]
  4633 | Temple   | Entered the Ecumenical Temple
  4754 | D:5      | Entered Level 5 of the Dungeon
  5395 | D:5      | Reached skill level 1 in Shields
  5395 | D:5      | Reached skill level 7 in Air Magic
  5930 | D:6      | Noticed Menkaure
  6126 | D:6      | Reached XP level 8. HP: 17/63 MP: 4/13
  6363 | D:6      | Noticed Pikel
  6378 | D:6      | Killed Pikel
  6378 | D:6      | Reached ** piety under Sif Muna
  6378 | D:6      | Reached skill level 8 in Air Magic
  6586 | D:6      | Killed Menkaure
  6801 | D:5      | Reached skill level 5 in Spellcasting
  6923 | D:5      | Reached skill level 9 in Air Magic
  7084 | D:5      | Reached XP level 9. HP: 48/69 MP: 11/16
  7246 | D:6      | Found an opulent altar of Gozag.
  7545 | D:6      | Found a bloodstained altar of Trog.
  7546 | D:6      | Found an iron altar of Okawaru.
  7952 | D:6      | Reached *** piety under Sif Muna
  8329 | D:3      | Found an ancient bone altar of Kikubaaqudgha.
  8331 | D:3      | Found a glowing silver altar of Zin.
  8332 | D:3      | Found a shattered altar of Ashenzari.
  8332 | D:3      | Found a stormy altar of Qazlal.
  8334 | D:3      | Found a deep blue altar of Sif Muna.
  8334 | D:3      | Found a sparkling altar of Nemelex Xobeh.
  8335 | D:3      | Found a glowing golden altar of the Shining One.
  8506 | D:3      | Killed Sigmund
  8506 | D:3      | Reached skill level 5 in Conjurations
  9339 | D:6      | Learned a level 5 spell: Lightning Bolt
  9667 | D:7      | Found a burning altar of Makhleb.
 10059 | D:8      | Noticed Psyche
 10091 | D:8      | Noticed Harold
 10423 | D:7      | Slain by a hornet

Skill      XL: |  1  2  3  4  5  6  7  8  9 |
---------------+----------------------------+-----
Conjurations   | 2 3 4 7 |  7.0
Air Magic      | 4 6 7 9 |  9.5
Fighting       | 1 2 3 |  3.7
Spellcasting   | 3 5 |  5.8
Shields        | 1 2 3 |  3.4
Dodging        | |  1.7
Stealth        | |  1.7

Action                   |  1- 3 |  4- 6 |  7- 9 || total
-------------------------+-------+-------+-------++-------
Melee: Short sword       |    26 |     4 |       ||    30
       Tailslap          |     3 |     3 |     4 ||    10
       Falchion          |       |     6 |       ||     6
       Hand axe          |       |       |    32 ||    32
 Fire: Blowgun           |       |    10 |    23 ||    33
Throw: Stone             |       |     1 |       ||     1
 Cast: Shock             |    93 |   162 |   190 ||   445
       Airstrike         |       |       |    31 ||    31
       Swiftness         |       |       |     2 ||     2
       Lightning Bolt    |       |       |     3 ||     3
 Abil: Breathe Noxious F |       |       |     1 ||     1
  Use: Scroll            |       |       |    16 ||    16
       Potion            |       |       |     2 ||     2
 Stab: Sleeping          |       |       |     2 ||     2
  Eat: Chunk             |     4 |     7 |    16 ||    27
       Ration            |       |     1 |     2 ||     3
Armor: Skin              |    17 |    13 |    28 ||    58
Dodge: Dodged            |    40 |    41 |    87 ||   168
Block: Buckler           |       |       |    20 ||    20
       Rpst.: Falchion   |       |     2 |       ||     2
